 Dungeon Crawl Stone Soup version 0.30-b1-2-g02819fbbbe (webtiles) character file.

Game seed: 9125707177376166275

(classic levelgen) 191 EnegeticOcto the Chopper (level 5, -1/5 (47) HPs)
             Began as a Minotaur Fighter on May 9, 2023.
             Slain by Ijyb
             ... wielding a +1 dagger of draining
              (4 damage)
             ... on level 3 of the Dungeon.
             The game lasted 00:00:57 (1925 turns).

EnegeticOcto the Chopper (Minotaur Fighter)         Turns: 1925, Time: 00:00:57

HP:   -1/5 (47)     AC:  9    Str: 22    XL:     5   Next: 42%
MP:   4/4           EV:  9    Int:  5    God:
Gold: 149           SH:  4    Dex: 10    Spells: 4/4 levels left

rFire   . . .        a - +0 war axe
rCold   . . .        c - +0 buckler
rNeg    . . .        b - +0 scale mail
rPois   .            (helmet restricted)
rElec   .            t - +1 cloak {rCorr}
rCorr   +            (no gloves)
SInv    .            (no boots)
Will    .....        (no amulet) Stlth
                     (no ring)
HPRegen 0.20/turn    (no ring)
MPRegen 0.09/turn

%: no passive effects
@: extremely drained
A: horns 2, retaliatory headbutt
a: no special abilities


You were on level 3 of the Dungeon.
You visited 1 branch of the dungeon, and saw 3 of its levels.

You collected 149 gold pieces.

Inventory:

Hand Weapons
 a - a +0 war axe (weapon)
Armour
 b - a +0 scale mail (worn)
 c - a +0 buckler (worn)
 t - a +1 cloak of preservation (worn)
   (You took it off Crazy Yiuf on level 2 of the Dungeon)
Scrolls
 e - a scroll of torment {unknown}
 g - a scroll of noise {unknown}
 k - 4 scrolls of identify {unknown}
 l - a scroll of teleportation {unknown}
 m - a scroll of blinking {unknown}
 n - 2 scrolls of enchant weapon {unknown}
 s - 2 scrolls of poison {unknown}
Potions
 d - a potion of might {@q3}
 f - a potion of flight {unknown}
 h - a potion of ambrosia {unknown}
 i - 2 potions of curing {unknown}
 j - 2 potions of heal wounds {unknown}
 o - a potion of brilliance {unknown}
 p - 2 potions of degeneration {unknown}
 q - a potion of cancellation {unknown}
 r - a potion of lignification {unknown}


   Skills:
 + Level 4.6 Fighting
 * Level 4.7 Axes
 + Level 4.6 Armour
 + Level 4.6 Shields


You had 4 spell levels left.
You didn't know any spells.
Your spell library was empty.

Dungeon Overview and Level Annotations

Branches:
Dungeon (3/15)

Altars:

Annotations:
D:3 Ijyb


Innate Abilities, Weirdness & Mutations

You have a pair of horns on your head.
You reflexively headbutt those who attack you in melee.


Message History

You are too confused!
You are too confused!
You are too confused!
You are too confused!
You are too confused!
You are too confused!
You are too confused!
You are too confused!
You slash Ijyb!
Ijyb is moderately wounded.
Ijyb hits you but does no damage.
You feel drained.
You bump into the rock wall.
Ijyb barely misses you.
You closely miss Ijyb. You headbutt Ijyb.
Ijyb is moderately wounded.
Ijyb zaps a wand.
You resist with some effort.
You miss Ijyb. Your headbutt misses Ijyb.
Ijyb is moderately wounded.
Ijyb closely misses you. Ijyb barely misses you.
You bump into the rock wall.
Ijyb closely misses you.
You bump into the rock wall.
Ijyb hits you with a +1 dagger of draining.
You feel drained.
You bump into the rock wall.
Ijyb hits you with a +1 dagger of draining.
You feel drained.
You bump into the rock wall.
Ijyb hits you but does no damage.
You feel drained.
You bump into the rock wall.
You feel less confused.
Ijyb hits you with a +1 dagger of draining.
You feel drained.
You miss Ijyb.
Ijyb is moderately wounded.
Ijyb hits you but does no damage.
You feel drained.
Ijyb zaps a wand.
Your will is overpowered!
You are confused.
You bump into the rock wall.
Ijyb hits you but does no damage.
You feel drained.
You bump into the rock wall.
Ijyb hits you but does no damage.
You feel drained.
You bump into the rock wall.
Ijyb zaps a wand.
Your will is overpowered!
You are more confused.
Ijyb attacks as you move away! Ijyb hits you but does no damage.
You feel drained.
You bump into the rock wall.
Ijyb hits you but does no damage.
You feel drained.
You bump into the rock wall.
Ijyb closely misses you.
You bump into the rock wall.
Ijyb barely misses you.
You bump into the rock wall.
Ijyb barely misses you.
You bump into the rock wall.
Ijyb zaps a wand.
You resist with some effort.
The now-empty wand crumbles to dust.
You bump into the rock wall.
Ijyb hits you with a +1 dagger of draining.
You feel drained. Ijyb attacks as you move away! Ijyb barely misses you.
You feel less confused. Ijyb hits you but does no damage.
You feel drained. You block Ijyb's attack.
Ijyb hits you with a +1 dagger of draining.
You feel drained. Ijyb hits you but does no damage.
You feel drained.
Ijyb hits you with a +1 dagger of draining.
You feel drained. Ijyb closely misses you. Ijyb screams, "Me kill you!"
You block Ijyb's attack.
Ijyb screams, "You nasty!
Big nasty!"
Ijyb closely misses you. Ijyb hits you but does no damage.
You feel drained. Ijyb hits you but does no damage.
You feel drained. Ijyb hits you but does no damage.
You feel drained. You block Ijyb's attack.
Ijyb hits you with a +1 dagger of draining.
You feel drained. Ijyb hits you but does no damage.
You feel drained.
Ijyb hits you with a +1 dagger of draining.
You feel drained. Ijyb hits you but does no damage.
You feel drained. Ijyb hits you but does no damage.
You feel drained. You block Ijyb's attack. Ijyb closely misses you.
You furiously retaliate!
You headbutt Ijyb, but do no damage.
Ijyb hits you with a +1 dagger of draining.
You feel drained. Ijyb hits you but does no damage.
You feel drained. Ijyb hits you but does no damage.
You feel drained. You block Ijyb's attack. Ijyb closely misses you.
Ijyb hits you but does no damage.
You feel drained. Ijyb misses you. Ijyb hits you but does no damage.
You feel drained.
Ijyb hits you with a +1 dagger of draining.
You feel drained. Ijyb barely misses you. You furiously retaliate!
You headbutt Ijyb!
Ijyb hits you with a +1 dagger of draining.
You feel drained. Ijyb hits you but does no damage.
You feel drained.
Ijyb hits you with a +1 dagger of draining.
Ouch! That really hurt!
You die...

### # #.#
###.###.#
........# ####..#
# #...@g####
#.#.##...#..
#.#.##.#.#.#
#.##......#.#.#
...........<#.#
#.#####...###.####
#..........#
#.......#####.#
#.......#####.#


You could see Ijyb.

Vanquished Creatures
  Crazy Yiuf (D:2)
  2 orc wizards (D:3)
  Robin (D:2)
  4 adders (D:2)
  5 worms
  A dart slug (D:2)
  6 orcs (D:3)
  4 bats
  3 endoplasms (D:2)
  4 giant cockroaches
  14 goblins
  6 hobgoblins (D:2)
  3 quokkas
  A frilled lizard (D:1)
  A kobold (D:2)
  3 rats
59 creatures vanquished.

Notes
Turn   | Place    | Note
-------+----------+-------------------------------------------
     0 | D:1      | EnegeticOcto the Minotaur Fighter began the quest for the
                  | Orb.
     0 | D:1      | Reached XP level 1. HP: 19/19 MP: 0/0
   251 | D:1      | Reached XP level 2. HP: 27/27 MP: 1/1
   601 | D:2      | Reached XP level 3. HP: 24/33 MP: 2/2
   747 | D:2      | Found a faded altar of an unknown god.
   836 | D:2      | Reached XP level 4. HP: 40/40 MP: 3/3
   858 | D:2      | Noticed Robin
   876 | D:2      | Killed Robin
  1118 | D:2      | Found a runed translucent door.
  1119 | D:2      | Noticed Crazy Yiuf
  1293 | D:2      | Killed Crazy Yiuf
  1506 | D:3      | Reached XP level 5. HP: 47/47 MP: 4/4
  1852 | D:3      | Noticed Ijyb
  1925 | D:3      | Slain by Ijyb

Illustrated notes

Levels and vault maps discovered:
D:1:      matt_arrival_refuge, layout_rooms
D:2:      layout_rooms, basic_ecumenical_altar, minmay_tetromino_o4,
          uniq_crazy_yiuf_cottage, uniq_robin
D:3:      layout_basic, serial_shops, nicolae_diamond_shop, uniq_ijyb

Skill      XL: |  1  2  3  4 |
---------------+-------------+-----
Axes           | 3 4 |  4.7
Shields        | 4 |  4.6
Fighting       | 4 |  4.6
Armour         | 4 |  4.6

Action                     |  1- 3 |  4- 6 || total
---------------------------+-------+-------++-------
  Melee: War axe           |    55 |    67 ||   122
         Headbutt          |     5 |     9 ||    14
   Stab: Distracted        |       |     1 ||     1
 Armour: Scale mail        |    23 |    52 ||    75
  Dodge: Dodged            |    36 |    35 ||    71
  Block: Buckler           |    24 |    15 ||    39
